PCL
MILE HIGH BRONCOS @ ALBUQUERQUE ISOTOPES
04/15/2026
 
TOP OF THE 1ST
Mile High Broncos batting - Pitching for Albuquerque Isotopes : RHP César De La Cruz
Pitching: RHP César De La Cruz
Batting: SHB Tom Stevens 0-0: Called Strike
0-1: Foul Ball, location: 2F
0-2: Ball
1-2: Ball
2-2: Foul Ball, location: 2F
2-2: Ball
3-2: Base on Balls
Batting: SHB Paco Martínez 0-0: Ball
1-0: Swinging Strike
1-1: Ball
2-1: Foul Ball, location: 2F
2-2: Strikes out swinging
Batting: LHB Tony Báez 0-0: Ball
1-0: Ball
Tom Stevens steals 2nd base
2-0: Ball
3-0: Called Strike
3-1: DOUBLE (Flyball, 89XD)
Tom Stevens scores
Batting: RHB António Martínez 0-0: Ball
1-0: Called Strike
1-1: Ball
2-1: Ground out 4-3 (Groundball, 4)
Tony Báez to third
Batting: RHB David Moran 0-0: Called Strike
0-1: Ball
1-1: Foul Ball, location: 2F
1-2: Hit by Pitch
Batting: RHB Bo Vickers 0-0: Called Strike
0-1: Swinging Strike
0-2: Ball
1-2: Ball
2-2: Foul Ball, location: 2F
2-2: Strikes out swinging
Top of the 1st over - 1 run(s), 1 hit(s), 0 error(s), 2 left on base; Mile High 1 - Albuquerque 0
BOTTOM OF THE 1ST
Albuquerque Isotopes batting - Pitching for Mile High Broncos : RHP Luis De Los Ángeles
Pitching: RHP Luis De Los Ángeles
Batting: RHB Alfonso Huertas 0-0: Called Strike
0-1: Ball
1-1: Ball
2-1: Fly out, F8 (Flyball, 8RM)
Batting: RHB Juan Vareas 0-0: Called Strike
0-1: Ground out 4-3 (Groundball, 4M)
Batting: SHB Lee Townsend 0-0: Ball
1-0: Ball
2-0: Called Strike
2-1: Ball
3-1: Called Strike
3-2: Base on Balls
Batting: LHB Mark Vestal 0-0: Ball
1-0: Fly out, F8 (Flyball, 78D)
Bottom of the 1st over - 0 run(s), 0 hit(s), 0 error(s), 1 left on base; Mile High 1 - Albuquerque 0
TOP OF THE 2ND
Mile High Broncos batting - Pitching for Albuquerque Isotopes : RHP César De La Cruz
Batting: RHB Su-kweon Yu 0-0: Ball
1-0: Called Strike
1-1: Foul Ball, location: 2F
1-2: Ball
2-2: Ball
3-2: SINGLE (Groundball, 56D)
Batting: RHB José Darias 0-0: Swinging Strike
0-1: Foul Ball, location: 2F
0-2: Ball
1-2: Ball
2-2: Foul Ball, location: 2F
2-2: Foul Ball, location: 2F
2-2: Grounds into double play, 6-4-3 (Groundball, 6M)
Batting: RHB Francisco Medina 0-0: Called Strike
0-1: Ball
1-1: Ball
2-1: Ball
3-1: Base on Balls
Batting: SHB Tom Stevens 0-0: Ball
1-0: Ball
2-0: Ball
3-0: Base on Balls
Francisco Medina to second
Batting: SHB Paco Martínez 0-0: SINGLE (Line Drive, 7LM)
Francisco Medina to third
Tom Stevens to second
Batting: LHB Tony Báez 0-0: Called Strike
0-1: Ball
1-1: Fly out, F6 (Popup, 6MD)
Top of the 2nd over - 0 run(s), 2 hit(s), 0 error(s), 3 left on base; Mile High 1 - Albuquerque 0
BOTTOM OF THE 2ND
Albuquerque Isotopes batting - Pitching for Mile High Broncos : RHP Luis De Los Ángeles
Batting: LHB Bernardo Montés 0-0: Ball
1-0: Swinging Strike
1-1: Called Strike
1-2: Ball
2-2: Strikes out looking
Batting: RHB Arturo García 0-0: Ball
1-0: Ball
2-0: Ground out 5-3 (Groundball, 56)
Batting: RHB Juan Alberto 0-0: Ball
1-0: Ball
2-0: Ball
3-0: Called Strike
3-1: Fly out, F4 (Line Drive, 4M)
Bottom of the 2nd over - 0 run(s), 0 hit(s), 0 error(s), 0 left on base; Mile High 1 - Albuquerque 0
TOP OF THE 3RD
Mile High Broncos batting - Pitching for Albuquerque Isotopes : RHP César De La Cruz
Batting: RHB António Martínez 0-0: Called Strike
0-1: Called Strike
0-2: Ground out 6-3 (Groundball, 56)
Batting: RHB David Moran 0-0: Called Strike
0-1: Hit by Pitch
Batting: RHB Bo Vickers 0-0: Ball
1-0: Ball
2-0: Called Strike
2-1: Called Strike
2-2: Fly out, F5 (Line Drive, 5D)
Batting: RHB Su-kweon Yu Pickoff Throw to First - Out!
Top of the 3rd over - 0 run(s), 0 hit(s), 0 error(s), 0 left on base; Mile High 1 - Albuquerque 0
BOTTOM OF THE 3RD
Albuquerque Isotopes batting - Pitching for Mile High Broncos : RHP Luis De Los Ángeles
Batting: RHB Luis Martínez 0-0: Foul Ball, location: 2F
0-1: Ball
1-1: Ball
2-1: Ball
3-1: Base on Balls
Batting: LHB António De Los Ángeles 0-0: Ball
1-0: Swinging Strike
1-1: Ball
2-1: 2-RUN HOME RUN (Flyball, 9LD), Distance : 385 ft
Batting: RHB Alfonso Huertas 0-0: Called Strike
0-1: Ball
1-1: SINGLE (Groundball, 4MD) (infield hit)
Batting: RHB Juan Vareas 0-0: Ball
1-0: SINGLE (Flyball, 9S)
Alfonso Huertas to second
Runner from 2nd tries for 3rd, SAFE, no throw or cutoff
Batting: SHB Lee Townsend 0-0: Swinging Strike
0-1: Called Strike
0-2: Ball
1-2: Grounds into double play, 4-6-3 (Groundball, 4)
Alfonso Huertas scores
Batting: LHB Mark Vestal 0-0: Ball
1-0: Called Strike
1-1: Ground out 6-3 (Groundball, 6)
Bottom of the 3rd over - 3 run(s), 3 hit(s), 0 error(s), 0 left on base; Mile High 1 - Albuquerque 3
TOP OF THE 4TH
Mile High Broncos batting - Pitching for Albuquerque Isotopes : RHP César De La Cruz
Batting: RHB Su-kweon Yu 0-0: Called Strike
0-1: Foul Ball, location: 2F
0-2: Foul Ball, location: 2F
0-2: Ball
1-2: Ground out 1-3 (Groundball, 25)
Batting: RHB José Darias 0-0: Ground out 6-3 (Groundball, 56)
Batting: RHB Francisco Medina 0-0: Called Strike
0-1: Ball
1-1: Foul Ball, location: 2F
1-2: Strikes out looking
Top of the 4th over - 0 run(s), 0 hit(s), 0 error(s), 0 left on base; Mile High 1 - Albuquerque 3
BOTTOM OF THE 4TH
Albuquerque Isotopes batting - Pitching for Mile High Broncos : RHP Luis De Los Ángeles
Batting: LHB Bernardo Montés 0-0: Foul Ball, location: 2F
0-1: Called Strike
0-2: Foul Ball, location: 2F
0-2: Ball
1-2: Ball
2-2: Ball
3-2: Fly out, F7 (Flyball, 7LM)
Batting: RHB Arturo García 0-0: Foul Ball, location: 2F
0-1: Foul Ball, location: 2F
0-2: Ball
1-2: Ball
2-2: Foul Ball, location: 2F
2-2: Foul Ball, location: 2F
2-2: Ball
3-2: SINGLE (Line Drive, 4D)
Batting: RHB Juan Alberto 0-0: Called Strike
0-1: Ball
1-1: Swinging Strike
1-2: Ball
2-2: Strikes out swinging
Batting: RHB Luis Martínez 0-0: Foul Ball, location: 2F
0-1: Swinging Strike
0-2: Ball
1-2: Ball
2-2: Ball
3-2: Foul Ball, location: 2F
3-2: Ground out 4-3 (Groundball, 4)
Bottom of the 4th over - 0 run(s), 1 hit(s), 0 error(s), 1 left on base; Mile High 1 - Albuquerque 3
TOP OF THE 5TH
Mile High Broncos batting - Pitching for Albuquerque Isotopes : RHP César De La Cruz
Batting: SHB Tom Stevens 0-0: Ball
1-0: Ball
2-0: Ball
3-0: Foul Ball, location: 2F
3-1: Fly out, F7 (Flyball, 7S)
Batting: SHB Paco Martínez 0-0: Called Strike
0-1: Foul Ball, location: 2F
0-2: Ball
1-2: Ball
2-2: Foul Ball, location: 2F
2-2: Ball
3-2: Foul Ball, location: 2F
3-2: Base on Balls
Batting: LHB Tony Báez 0-0: Ball
1-0: DOUBLE (Line Drive, 9LS)
Paco Martínez to third
Batting: RHB António Martínez 0-0: Foul Ball, location: 2F
0-1: Called Strike
0-2: Fly out, F9 (Popup, 34D)
Batting: RHB David Moran 0-0: Ball
1-0: Fly out, F4 (Popup, 4)
Top of the 5th over - 0 run(s), 1 hit(s), 0 error(s), 2 left on base; Mile High 1 - Albuquerque 3
BOTTOM OF THE 5TH
Albuquerque Isotopes batting - Pitching for Mile High Broncos : RHP Luis De Los Ángeles
Batting: LHB António De Los Ángeles 0-0: Ground out 1-3 (Groundball, 13S)
Batting: RHB Alfonso Huertas 0-0: Ball
1-0: Swinging Strike
1-1: Ball
2-1: Swinging Strike
2-2: SINGLE (Groundball, 5L) (infield hit)
Batting: RHB Juan Vareas 0-0: Ball
1-0: Ball
2-0: Called Strike
2-1: Foul Ball, location: 2F
2-2: Fly out, F8 (Flyball, 8LM)
Batting: SHB Lee Townsend 0-0: Swinging Strike
0-1: Ball
1-1: Ball
2-1: Foul Ball, location: 2F
2-2: Ball
3-2: Base on Balls
Alfonso Huertas to second
Batting: LHB Mark Vestal 0-0: Ball
1-0: Swinging Strike
1-1: Ball
2-1: Ground out 6-3 (Groundball, 6)
Bottom of the 5th over - 0 run(s), 1 hit(s), 0 error(s), 2 left on base; Mile High 1 - Albuquerque 3
TOP OF THE 6TH
Mile High Broncos batting - Pitching for Albuquerque Isotopes : RHP César De La Cruz
Batting: RHB Bo Vickers 0-0: Called Strike
0-1: Foul Ball, location: 2F
0-2: Ball
1-2: Ball
2-2: Ground out 1-3 (Groundball, 13)
Pitching: RHP Shiki Kanno
Batting: RHB Su-kweon Yu 0-0: Ball
1-0: Ball
2-0: SINGLE (Groundball, 56D)
Batting: RHB José Darias 0-0: SINGLE (Groundball, 5D)
Su-kweon Yu to second
Batting: RHB Francisco Medina 0-0: Ball
1-0: Ball
2-0: DOUBLE (Groundball, 5L)
Su-kweon Yu scores
José Darias to third
Batting: SHB Tom Stevens 0-0: Ground out 6-3 (Groundball, 6)
Batting: SHB Paco Martínez 0-0: Foul Ball, location: 2F
0-1: Foul Ball, location: 2F
0-2: Ball
1-2: Strikes out swinging
Top of the 6th over - 1 run(s), 3 hit(s), 0 error(s), 2 left on base; Mile High 2 - Albuquerque 3
BOTTOM OF THE 6TH
Albuquerque Isotopes batting - Pitching for Mile High Broncos : RHP Luis De Los Ángeles
Batting: LHB Bernardo Montés 0-0: Ball
1-0: Swinging Strike
1-1: Swinging Strike
1-2: Ball
2-2: Strikes out looking
Pitching: RHP Todd Howell
Batting: RHB Arturo García 0-0: Called Strike
0-1: Foul Ball, location: 2F
0-2: Ball
1-2: Ball
2-2: Foul Ball, location: 2F
2-2: Foul Ball, location: 2F
2-2: Strikes out swinging
Batting: RHB Juan Alberto 0-0: Ball
1-0: Ball
2-0: Foul Ball, location: 2F
2-1: Called Strike
2-2: Ball
3-2: Foul Ball, location: 2F
3-2: Base on Balls
Batting: RHB Luis Martínez 0-0: Ball
1-0: Called Strike
1-1: Foul Ball, location: 2F
1-2: Ball
2-2: Foul Ball, location: 2F
2-2: Ball
3-2: Hit by Pitch
Juan Alberto to second
Batting: LHB António De Los Ángeles 0-0: Called Strike
0-1: Ball
1-1: SINGLE (Flyball, 8RS)
Juan Alberto to third
Luis Martínez to second
Runner from 3rd tries for Home, SAFE, no throw or cutoff
Batting: RHB Alfonso Huertas 0-0: Ball
1-0: Ball
2-0: Swinging Strike
2-1: Ball
3-1: Fielders Choice at 2nd, 5-4 (Groundball, 56)
Bottom of the 6th over - 1 run(s), 1 hit(s), 0 error(s), 1 left on base; Mile High 2 - Albuquerque 4
TOP OF THE 7TH
Mile High Broncos batting - Pitching for Albuquerque Isotopes : RHP Shiki Kanno
Batting: LHB Tony Báez 0-0: Foul Ball, location: 2F
0-1: Ball
1-1: SINGLE (Groundball, 34)
Batting: RHB António Martínez 0-0: Foul Ball, location: 2F
0-1: Ground out 3-1 (Groundball, 34S)
Tony Báez to second
Batting: RHB David Moran 0-0: Called Strike
0-1: Foul Ball, location: 2F
0-2: Ball
1-2: Ball
2-2: Ball
3-2: Foul Ball, location: 2F
3-2: Fly out, F4 (Popup, 4D)
Batting: RHB Bo Vickers 0-0: Ball
1-0: Called Strike
1-1: Ground out 4-3 (Groundball, 4)
Top of the 7th over - 0 run(s), 1 hit(s), 0 error(s), 1 left on base; Mile High 2 - Albuquerque 4
BOTTOM OF THE 7TH
Albuquerque Isotopes batting - Pitching for Mile High Broncos : RHP Todd Howell
Batting: RHB Juan Vareas 0-0: Swinging Strike
0-1: Foul Ball, location: 2F
0-2: Foul Ball, location: 2F
0-2: Ball
1-2: Strikes out swinging
Batting: SHB Lee Townsend 0-0: Reached on error, E4 (Groundball, 4)
Batting: LHB Mark Vestal 0-0: Swinging Strike
0-1: Ball
1-1: Foul Ball, location: 2F
1-2: Strikes out swinging
Batting: LHB Bernardo Montés 0-0: Swinging Strike
0-1: Called Strike
0-2: Ball
1-2: Ball
2-2: Strikes out swinging
Bottom of the 7th over - 0 run(s), 0 hit(s), 1 error(s), 1 left on base; Mile High 2 - Albuquerque 4
TOP OF THE 8TH
Mile High Broncos batting - Pitching for Albuquerque Isotopes : RHP Shiki Kanno
Batting: RHB Su-kweon Yu 0-0: Called Strike
0-1: Foul Ball, location: 2F
0-2: Ball
1-2: Foul Ball, location: 2F
1-2: Foul Ball, location: 2F
1-2: Fly out, F9 (Flyball, 9M)
Pitching: RHP Juan Rodríguez
Batting: RHB José Darias 0-0: Ground out 6-3 (Groundball, 6M)
Batting: RHB Francisco Medina 0-0: Foul Ball, location: 2F
0-1: Ball
1-1: Foul Ball, location: 2F
1-2: Strikes out swinging
Top of the 8th over - 0 run(s), 0 hit(s), 0 error(s), 0 left on base; Mile High 2 - Albuquerque 4
BOTTOM OF THE 8TH
Albuquerque Isotopes batting - Pitching for Mile High Broncos : RHP Todd Howell
Batting: RHB Arturo García 0-0: Foul Ball, location: 2F
0-1: Ball
1-1: Ball
2-1: Foul Ball, location: 2F
2-2: Ball
3-2: Foul Ball, location: 2F
3-2: Base on Balls
Pitching: RHP David Bailey
Batting: RHB Juan Alberto 0-0: Sac Bunt - play at first, batter OUT! 3-4
Arturo García to second
Batting: RHB Luis Martínez 0-0: Intentional Walk
Batting: LHB António De Los Ángeles 0-0: Ball
1-0: Swinging Strike
1-1: Ground out 3-1 (Groundball, 34S)
Arturo García to third
Luis Martínez to second
Pinch Hitting: LHB Fernando Ortíz 0-0: Swinging Strike
0-1: Fly out, F7 (Flyball, 7S)
Bottom of the 8th over - 0 run(s), 0 hit(s), 0 error(s), 2 left on base; Mile High 2 - Albuquerque 4
TOP OF THE 9TH
Mile High Broncos batting - Pitching for Albuquerque Isotopes : RHP Juan Rodríguez
Pitching: RHP Manny Muñóz
Now at 2B: Wilson Gonzáles
Batting: SHB Tom Stevens 0-0: Ball
1-0: Ball
2-0: SINGLE (Line Drive, 56)
Batting: SHB Paco Martínez 0-0: Ball
1-0: Foul Ball, location: 2F
1-1: Called Strike
1-2: Ball
2-2: Foul Ball, location: 2F
2-2: Foul Ball, location: 2F
2-2: Foul Ball, location: 2F
2-2: Fielders Choice at 2nd, 2-6 (Groundball, 2R)
Batting: LHB Tony Báez 0-0: Grounds into double play, 4-6-3 (Groundball, 4)
Top of the 9th over - 0 run(s), 1 hit(s), 0 error(s), 0 left on base; Mile High 2 - Albuquerque 4
Monday, December 5th, 2016 - OOTP Baseball 17.12 Build 75